 Dungeon Crawl Stone Soup version 0.28.0-53-g5a82cb258f (webtiles) character file.

Game seed: 1877142130915840960

46631 kwassi the Slinger (level 14, -4/122 HPs)
             Began as a Hill Orc Fighter on June 14, 2022.
             Was the Champion of Beogh.
             Slain by a caustic shrike simulacrum (44 damage)
             ... in an ice cave.
             The game lasted 01:47:47 (19134 turns).

kwassi the Slinger (Hill Orc Fighter)              Turns: 19134, Time: 01:47:48

Health: -4/122     AC: 17    Str: 22    XL:     14   Next: 38%
Magic:  21/21      EV: 14    Int: 12    God:    Beogh [******]
Gold:   446        SH: 20    Dex: 18    Spells: 13/13 levels left

rFire   + . .      SeeInvis .   r - +11 hunting sling "Zauno" {speed, Will+}
rCold   . . .      Faith    .   M - +3 tower shield {rN+}
rNeg    + . .      Spirit   .   X - +2 scale mail "Pated" {rCorr Int+4 Dex+4}
rPois   +          Reflect  .   g - +2 helmet "Calih" {rPois Regen+ Str+2}
rElec   .          Harm     .   x - +0 cloak
rCorr   +          Rampage  .   (no gloves)
Will    ++...                   (no boots)
Stlth   +.........              (no amulet)
HPRegen 1.10/turn               t - ring of protection from fire
MPRegen 0.17/turn               V - +4 ring of evasion

@: no status effects
A: walk on water, talons 1, iridescent scales 1, camouflage 1, wild magic 1
a: Renounce Religion, Smiting, Recall Orcish Followers, Give Item to Named
Follower, Resurrection


You were in an ice cave.
You worshipped Beogh.
Beogh was exalted by your worship.
You visited 2 branches of the dungeon, and saw 16 of its levels.
You also visited: Ice Cave.

You collected 1500 gold pieces.
You spent 1054 gold pieces at shops.

Inventory:

Hand Weapons
 a - a +3 scimitar of flaming
 m - the +11 rapier of the Valley {drain, Will+ Int+7}
   (You found it on level 13 of the Dungeon)

   A truly terrible weapon, it drains the life of any living foe it strikes.
   Int:       It affects your intelligence (+7).
   Will:      It increases your willpower.
 r - the +11 hunting sling "Zauno" (weapon) {speed, Will+}
   (You found it on level 2 of the Dungeon)

   Attacks with this weapon are significantly faster.
   Will:      It increases your willpower.
 v - a +5 dagger of venom
 y - the +7 rapier "Hecsytuq" {venom, Dex+5}
   (You found it on level 13 of the Dungeon)

   It poisons the flesh of those it strikes.
   Dex:       It affects your dexterity (+5).
 J - a +3 vorpal great sword
 T - a +2 battleaxe of venom
 Z - the +6 dagger "Eruawk" {freeze, rElec rF+ rC+}
   (You bought it in a shop on level 2 of the Orcish Mines)

   It freezes those it strikes, dealing additional cold damage.
   It can also slow down cold-blooded creatures.
   rF:        It protects you from fire.
   rC:        It protects you from cold.
   rElec:     It insulates you from electricity.
Missiles
 k - 67 bolts
 n - 24 poisoned darts
 s - 236 stones
 C - 29 boomerangs
 D - 108 sling bullets (quivered ammo)
 O - 6 curare-tipped darts
 W - 2 atropa-tipped darts
Armour
 c - a +1 plate armour of poison resistance
 g - the +2 helmet "Calih" (worn) {rPois Regen+ Str+2}
   (You acquired it on level 10 of the Dungeon)

   Str:       It affects your strength (+2).
   rPois:     It protects you from poison.
   Regen:     It increases your rate of health regeneration.
 x - a +0 cloak (worn)
 A - the +4 robe of Augmentation {Str+4 Int+4 Dex+4}
   (You found it on level 12 of the Dungeon)

   Str:       It affects your strength (+4).
   Int:       It affects your intelligence (+4).
   Dex:       It affects your dexterity (+4).
 M - a +3 tower shield of positive energy (worn)
 N - a +0 helmet of see invisible
 R - the +2 helmet "Qiunimp" {Harm rN+}
   (You found it on level 13 of the Dungeon)

   rN:        It protects you from negative energy.
   Harm:      It increases damage dealt and taken.
 U - +0 acid dragon scales
 X - the +2 scale mail "Pated" (worn) {rCorr Int+4 Dex+4}
   (You bought it in a shop on level 9 of the Dungeon)

   Int:       It affects your intelligence (+4).
   Dex:       It affects your dexterity (+4).
   rCorr:     It protects you from acid and corrosion.
Jewellery
 t - a ring of protection from fire (left hand)
 u - the ring "Ecia" {Fly rPois rN+}
   (You bought it in a shop on level 2 of the Orcish Mines)

   [ring of flight]

   rPois:     It protects you from poison.
   rN:        It protects you from negative energy.
   Fly:       It grants you flight.
 V - a +4 ring of evasion (right hand)
Wands
 i - a wand of paralysis (7)
 l - a wand of flame (32)
 B - a wand of iceblast (13)
 E - a wand of digging (9)
Scrolls
 b - 2 scrolls of blinking
 e - 9 scrolls of teleportation
 j - 2 scrolls of enchant weapon
 o - 2 scrolls of holy word
 q - a scroll of amnesia
 H - 2 scrolls of fog
 K - a scroll of brand weapon
 L - 3 scrolls of fear
Potions
 d - a potion of might
 f - 3 potions of mutation
 w - 2 potions of ambrosia
 z - 8 potions of curing
 F - 6 potions of brilliance
 G - 4 potions of heal wounds
 I - 2 potions of magic
 P - a potion of lignification
 S - a potion of cancellation
 Y - a potion of haste
Miscellaneous
 p - a condenser vane


   Skills:
 - Level 10.5 Fighting
 + Level 2.9 Short Blades
 + Level 0.3(2.0) Long Blades
 - Level 4.2 Axes
 + Level 14.8 Slings
 * Level 9.2 Armour
 + Level 4.7 Dodging
 + Level 10.1 Shields
 * Level 9.6 Invocations
 * Level 7.1 Evocations


You had 13 spell levels left.
You didn't know any spells.
Your spell library contained the following spells:

 Spells                   Type           Power      Damage    Failure   Level
 Corpse Rot               Necr/Air       0%         N/A       100%        2
 Ensorcelled Hibernation  Hex/Ice        0%         N/A       100%        2
 Poisonous Vapours        Pois/Air       0%         N/A       100%        2
 Dazzling Flash           Conj/Hex       0%         N/A       100%        3
 Gell's Gravitas          Tloc           0%         N/A       100%        3
 Spider Form              Tmut/Pois      0%         N/A       100%        3
 Summon Guardian Golem    Hex/Summ       0%         N/A       100%        3
 Teleport Other           Tloc           0%         N/A       100%        3
 Anguish                  Hex/Necr       0%         N/A       100%        4
 Iskenderun's Mystic Bla  Conj/Tloc      0%         2d3       100%        4
 Fireball                 Conj/Fire      0%         3d3       100%        5
 Summon Forest            Summ/Tloc      0%         N/A       100%        5
 Summon Mana Viper        Hex/Summ       0%         N/A       100%        5
 Dispersal                Tloc           0%         N/A       100%        6
 Starburst                Conj/Fire      0%         6d3       100%        6
 Summon Cactus Giant      Summ           0%         N/A       100%        6
 Orb of Destruction       Conj           0%         9d5       100%        7
 Spellforged Servitor     Conj/Summ      0%         N/A       100%        7
 Ignition                 Fire           0%         3d3       100%        8


Dungeon Overview and Level Annotations

Branches:
Dungeon (14/15)            Temple (0/1) D:6            Lair (0/6) D:9
    Orc (2/2) D:12            Elf (0/3) Orc:2        Vaults (0/5) D:13
  IceCv (1/1)

Altars:
Cheibriados
Elyvilon
Fedhas
Gozag
Hepliaklqana
Makhleb
Ru
Sif Muna
Trog
Vehumet
Xom
The Shining One
Beogh

Shops:
D:9 [   Orc:2 *?((


Innate Abilities, Weirdness & Mutations

You can walk on water.
You have sharp toenails.
You are partially covered in iridescent scales. (AC +2)
Your skin changes colour to match your surroundings (Stealth+).
Your spells are a little harder to cast, but a little more powerful.


Message History

You see here a scroll of vulnerability.
You open the door.
There is an open door here.
You open the door.
A caustic shrike simulacrum comes into view.
You shoot a sling bullet.
The sling bullet hits the caustic shrike simulacrum!
The caustic shrike simulacrum is lightly damaged.
The caustic shrike simulacrum misses you.
The caustic shrike simulacrum claws you but does no damage.
You shoot a sling bullet.
The sling bullet hits the caustic shrike simulacrum but does no damage.
The caustic shrike simulacrum is lightly damaged.
You block the caustic shrike simulacrum's attack.
You shoot a sling bullet.
The sling bullet hits the caustic shrike simulacrum!
The caustic shrike simulacrum is moderately damaged.
The caustic shrike simulacrum barely misses you.
You shoot a sling bullet.
The sling bullet hits the caustic shrike simulacrum!
The caustic shrike simulacrum is heavily damaged.
You block the caustic shrike simulacrum's attack.
You shoot a sling bullet.
The sling bullet hits the caustic shrike simulacrum!
The caustic shrike simulacrum is severely damaged.
You block the caustic shrike simulacrum's attack.
You shoot a sling bullet.
The sling bullet barely misses the caustic shrike simulacrum.
The caustic shrike simulacrum claws you.
The caustic shrike simulacrum freezes you!!!
The caustic shrike simulacrum claws you.
The caustic shrike simulacrum freezes you!!!
* * * LOW HITPOINT WARNING * * *
You are too injured to fight recklessly!
You are too injured to fight recklessly!
You feel much better.
You block the caustic shrike simulacrum's attack.
The caustic shrike simulacrum claws you!
The caustic shrike simulacrum freezes you!!!
You die...

#.####...####.#
###.W#...#Wn###
#⌠/##'##$⌠#
##+#...#+##
#...# #...#
#...#
###+#...#+#
#(Z@......+
###.8...8.#
+.......+
###.8...8.###
+...........+
###.8...8.###
+.......+
#.8...8.#
+.......+


You could see a caustic shrike simulacrum.

Vanquished Creatures
  The ghost of gabibbone the Thaumaturge, a journeyman DrAE of Vehumet (D:9)
  Azrael (D:13)
  Fannar (D:12)
  A hydra (D:7)
  A boulder beetle (D:10)
  7 two-headed ogres
  Sonja (D:12)
  2 obsidian statues (IceCv)
  A wizard (D:12)
  A spriggan simulacrum (IceCv)
  A cyclops (D:11)
  4 gargoyles
  A komodo dragon (D:9)
  An anaconda simulacrum (IceCv)
  A golden dragon simulacrum (IceCv)
  A kobold demonologist (D:10)
  2 freezing wraiths (IceCv)
  8 trolls
  9 slime creatures
  An air elemental (D:10)
  A water elemental (D:10)
  21 yaks
  5 shadows
  3 vampires
  2 fire elementals
  2 wraiths (D:13)
  3 wyverns
  8 fire bats (D:13)
  Eustachio (D:4)
  A basilisk (D:11)
  4 vampire mosquitoes
  4 steam dragons
  A warg (Orc:2)
  3 acid dragons
  A water moccasin (D:9)
  A hell hound (D:13)
  2 ice beasts
  An ettin simulacrum (IceCv)
  A sky beast (D:3)
  8 black bears
  8 ogres
  14 orc warriors
  The ghost of LohmatiyShmel the Insei, an amateur GnTm (D:3)
  4 centaurs
  3 phantoms
  4 kobold brigands
  3 bullfrogs
  2 gnoll sergeants
  2 deep troll simulacra (IceCv)
  An earth elemental (D:10)
  3 scorpions
  2 troll zombies (D:12)
  13 killer bees
  8 wights
  A howler monkey (D:9)
  4 centaur zombies
  A hound (D:7)
  2 jellies
  A bullfrog skeleton (D:7)
  11 orc priests
  Jessica (D:2)
  A scorpion zombie (D:5)
  5 iguanas
  10 orc wizards
  4 ogre zombies (D:12)
  2 hound skeletons (D:4)
  8 gnolls
  6 adders
  A white imp (D:7)
  An adder skeleton (D:4)
  A worm (D:3)
  2 dart slugs
  43 orcs
  4 ball pythons
  46 bats
  2 endoplasms
  4 giant cockroaches
  8 goblins
  4 hobgoblins
  15 jackals
  A quokka (D:2)
  A frilled lizard (D:2)
  3 goblin skeletons (D:12)
  A hobgoblin skeleton (D:12)
  3 hobgoblin zombies (D:12)
  21 kobolds
  3 orc skeletons (D:12)
  8 orc zombies (D:12)
  5 rats
  A spectral orc (D:6)
422 creatures vanquished.

Vanquished Creatures (collateral kills)
  2 orc warlords
  Nessos (D:13)
  A hydra (D:13)
  A boulder beetle (D:13)
  2 catoblepae
  2 centaur warriors (D:14)
  2 dancing weapons (D:13)
  3 two-headed ogres (Orc:2)
  2 orc high priests (Orc:2)
  Urug (Orc:1)
  A flayed ghost (D:13)
  4 orc knights
  An ugly thing (D:13)
  4 orc sorcerers
  A kobold demonologist (D:13)
  An efreet (D:13)
  3 freezing wraiths (D:14)
  2 trolls (Orc:1)
  A slime creature (D:12)
  2 wraiths (D:13)
  A fire elemental (D:13)
  A basilisk (D:13)
  6 fire bats (D:13)
  11 vampire mosquitoes
  3 wargs
  An acid dragon (D:13)
  4 hell hounds (D:13)
  15 orc warriors
  3 centaurs (D:14)
  4 ogres
  4 orc priests (Orc:2)
  An orc wizard (Orc:2)
  10 orcs
  34 bats (D:13)
  An orc zombie (D:12)
136 creatures vanquished.

Vanquished Creatures (others)
  2 orc high priests
  An orc sorcerer (D:13)
  3 orc knights
  A kobold demonologist (D:14)
  A fire elemental (D:13)
  14 orc warriors
  11 orc priests
  5 orc wizards
  50 orcs
  26 fungi (D:9)
  28 plants
142 creatures vanquished.

Grand Total: 700 creatures vanquished

Notes
Turn   | Place    | Note
-------+----------+-------------------------------------------
     0 | D:1      | kwassi the Hill Orc Fighter began the quest for the Orb.
     0 | D:1      | Reached XP level 1. HP: 19/19 MP: 1/1
   185 | D:1      | Reached XP level 2. HP: 24/26 MP: 2/2
  1016 | D:1      | Gained mutation: Your skin changes colour to match your
                  | surroundings (Stealth+). [potion of mutation]
  1016 | D:1      | Gained mutation: You have sharp toenails. [potion of
                  | mutation]
  1016 | D:1      | Gained mutation: You have hidden genetic potential. [potion
                  | of mutation]
  1031 | D:1      | Reached XP level 3. HP: 11/33 MP: 3/3
  1274 | D:2      | Gained mutation: Your spells are a little harder to cast,
                  | but a little more powerful. [hidden potential]
  1294 | D:2      | Noticed Jessica
  1302 | D:2      | Killed Jessica
  1303 | D:2      | Reached skill level 1 in Dodging
  1303 | D:2      | Reached XP level 4. HP: 28/40 MP: 4/4
  1457 | D:2      | Gained mutation: You are partially covered in iridescent
                  | scales. (AC +2) [hidden potential]
  1457 | D:2      | Lost mutation: You have hidden genetic potential. [hidden
                  | potential expressed]
  1764 | D:2      | Identified the +11 hunting sling "Zauno" {speed, Will+}
  2046 | D:2      | Found a faded altar of an unknown god.
  2344 | D:3      | Reached XP level 5. HP: 46/46 MP: 5/5
  2382 | D:3      | You fall into a shaft and drop 2 floors!
  2382 | D:5      | Entered Level 5 of the Dungeon
  2391 | D:5      | Reached skill level 1 in Slings
  2737 | D:4      | Noticed a phantom
  2743 | D:4      | Killed a phantom
  2744 | D:4      | Reached skill level 2 in Slings
  2744 | D:4      | Reached XP level 6. HP: 53/53 MP: 6/6
  2910 | D:4      | Reached skill level 3 in Slings
  2928 | D:4      | Noticed Eustachio
  2947 | D:4      | Killed Eustachio
  2948 | D:4      | Reached skill level 4 in Slings
  2948 | D:4      | Reached XP level 7. HP: 36/60 MP: 7/7
  3605 | D:4      | Found a burning altar of Makhleb.
  3809 | D:3      | Found a blossoming altar of Fedhas.
  4318 | D:3      | Found a runed translucent gate.
  4319 | D:3      | Found a runed translucent gate.
  4319 | D:3      | Found a runed translucent gate.
  4320 | D:3      | Found an opulent altar of Gozag.
  4320 | D:3      | Noticed LohmatiyShmel's ghost (amateur GnTm)
  4332 | D:3      | Reached skill level 5 in Slings
  4338 | D:3      | Killed LohmatiyShmel's ghost
  4692 | D:5      | Reached skill level 5 in Fighting
  4692 | D:5      | Reached skill level 6 in Slings
  4692 | D:5      | Reached XP level 8. HP: 68/68 MP: 8/8
  5215 | D:6      | Found a radiant altar of Vehumet.
  5251 | D:6      | Found a staircase to the Ecumenical Temple.
  5277 | D:6      | Reached skill level 7 in Slings
  5502 | D:6      | Reached skill level 8 in Slings
  5786 | D:6      | Found a hazy altar of Hepliaklqana.
  5827 | D:7      | Noticed a gargoyle
  5835 | D:7      | Killed a gargoyle
  5836 | D:7      | Reached XP level 9. HP: 52/75 MP: 9/9
  5954 | D:7      | Noticed a four-headed hydra
  5968 | D:7      | Killed a four-headed hydra
  5969 | D:7      | Reached skill level 9 in Slings
  6011 | D:7      | Reached skill level 10 in Slings
  6047 | D:7      | Became a worshipper of Beogh the Brigand
  6321 | D:7      | Found a bloodstained altar of Trog.
  6622 | D:8      | Reached * piety under Beogh
  6683 | D:8      | Reached XP level 10. HP: 62/86 MP: 10/10
  7237 | D:8      | Found a white marble altar of Elyvilon.
  7362 | D:8      | Noticed a two-headed ogre
  7366 | D:8      | Killed a two-headed ogre
  7367 | D:8      | Reached skill level 11 in Slings
  8315 | D:9      | Found Qajoguich's Antique Armour Shop.
  8328 | D:9      | Bought a shiny tower shield for 172 gold pieces
  8328 | D:9      | Bought a glowing helmet for 172 gold pieces
  8371 | D:9      | Reached skill level 12 in Slings
  8453 | D:9      | Found a staircase to the Lair.
  8553 | D:9      | Reached ** piety under Beogh
  8601 | D:9      | Reached XP level 11. HP: 94/94 MP: 11/11
  8648 | D:9      | Reached skill level 5 in Shields
  8889 | D:9      | Found a snail-covered altar of Cheibriados.
  8967 | D:9      | Noticed a two-headed ogre
  8978 | D:9      | Killed a two-headed ogre
  9166 | D:9      | Found a runed translucent door.
  9170 | D:9      | Noticed gabibbone's ghost (journeyman DrAE)
  9264 | D:9      | Killed gabibbone's ghost
  9265 | D:9      | Reached skill level 13 in Slings
  9443 | D:10     | Entered Level 10 of the Dungeon
  9517 | D:10     | Noticed a two-headed ogre
  9525 | D:10     | Killed a two-headed ogre
  9526 | D:10     | Reached skill level 5 in Armour
  9526 | D:10     | Reached skill level 1 in Invocations
  9638 | D:10     | Reached skill level 1 in Evocations
  9786 | D:10     | Found a large runed translucent door.
  9786 | D:10     | Found a large runed translucent door.
 10101 | D:10     | Reached *** piety under Beogh
 10136 | D:10     | Noticed a boulder beetle
 10142 | D:10     | Noticed a two-headed ogre
 10257 | D:10     | Killed a two-headed ogre
 10792 | D:10     | Reached skill level 10 in Fighting
 10792 | D:10     | Reached XP level 12. HP: 106/106 MP: 14/14
 10824 | D:10     | Identified a scroll of acquirement
 10844 | D:10     | Acquired the +2 helmet "Calih" {rPois Regen+ Str+2}
 11068 | D:10     | Killed a boulder beetle
 11240 | D:11     | Reached skill level 14 in Slings
 11319 | D:11     | Reached skill level 5 in Invocations
 11495 | D:11     | Noticed a two-headed ogre
 11502 | D:11     | Killed a two-headed ogre
 11657 | D:11     | Noticed a two-headed ogre
 11664 | D:11     | Killed a two-headed ogre
 11671 | D:11     | Reached **** piety under Beogh
 11939 | D:9      | Bought a smoking scale mail for 207 gold pieces
 11939 | D:9      | Identified the +2 scale mail "Pated" {rCorr Int+4 Dex+4}
                  | (You bought it in a shop on level 9 of the Dungeon)
 12131 | D:12     | Found the +4 robe of Augmentation {Str+4 Int+4 Dex+4}
 12132 | D:12     | Noticed Fannar
 12143 | D:12     | Killed Fannar
 12415 | D:12     | Found a staircase to the Orcish Mines.
 12637 | D:12     | Noticed Sonja
 12644 | D:12     | Killed Sonja
 12725 | D:12     | Identified the +2 leather armour of the Fisher {rN+}
 13086 | D:12     | Reached skill level 5 in Evocations
 13086 | D:12     | Reached XP level 13. HP: 114/114 MP: 18/18
 13180 | D:12     | Reached ***** piety under Beogh
 13472 | D:12     | Gained Bladwarg as an ally
 13647 | Orc:1    | Entered Level 1 of the Orcish Mines
 13760 | Orc:2    | Entered Level 2 of the Orcish Mines
 14473 | Orc:2    | Found a staircase to the Elven Halls.
 14599 | Orc:2    | Gained Argrim as an ally
 14601 | Orc:2    | Noticed an orc warlord
 14615 | Orc:2    | Killed an orc warlord
 14622 | Orc:2    | Found a roughly hewn altar of Beogh.
 14649 | Orc:2    | Found Xatiutwa's Antique Weapon Shoppe.
 14661 | Orc:2    | Bought an ivory dagger for 189 gold pieces
 14661 | Orc:2    | Identified the +6 dagger "Eruawk" {freeze, rElec rF+ rC+}
                  | (You bought it in a shop on level 2 of the Orcish Mines)
 14722 | Orc:2    | Gained Wargath as an ally
 14822 | Orc:2    | Found Jomoorpha's Antique Weapon Boutique.
 14828 | Orc:2    | Your ally Wargath died
 14881 | Orc:2    | Identified the +6 quarterstaff "Oxotezif" {vorpal, Dex+4}
 15155 | Orc:2    | Found a roughly hewn altar of Beogh.
 15326 | Orc:2    | Found Ehyrusext's Assorted Antiques.
 15361 | Orc:2    | Bought a sapphire potion for 19 gold pieces
 15361 | Orc:2    | Bought a coiled golden ring for 110 gold pieces
 15361 | Orc:2    | Identified the ring "Ecia" {Fly rPois rN+} (You bought it
                  | in a shop on level 2 of the Orcish Mines)
 15361 | Orc:2    | Bought a potion of heal wounds for 110 gold pieces
 15386 | Orc:2    | Found Jenwiobo's Magic Scroll Shoppe.
 15397 | Orc:2    | Reached skill level 1 in Short Blades
 15403 | Orc:2    | Bought a scroll of enchant armour for 75 gold pieces
 15739 | Orc:1    | Noticed Urug
 15745 | Orc:1    | Killed Urug
 15825 | Orc:1    | Gained Worak as an ally
 15827 | Orc:1    | Noticed an orc warlord
 15829 | Orc:1    | Your ally Worak died
 15836 | Orc:1    | Killed an orc warlord
 16359 | D:13     | Found a gate to the Vaults.
 16635 | D:13     | Your ally Argrim died
 16769 | D:13     | Found a runed translucent door.
 16777 | D:13     | Found a shimmering blue altar of Sif Muna.
 16816 | D:13     | Found a bloodstained altar of Trog.
 16820 | D:13     | Reached XP level 14. HP: 122/122 MP: 20/20
 16820 | D:13     | Reached ****** piety under Beogh
 16847 | D:13     | Found a shimmering blue altar of Sif Muna.
 16878 | D:13     | Found a sacrificial altar of Ru.
 16938 | D:13     | Identified the +7 rapier "Hecsytuq" {venom, Dex+5}
 16940 | D:13     | Identified the +2 helmet "Qiunimp" {Harm rN+}
 16976 | D:13     | Found a shimmering altar of Xom.
 17392 | D:13     | Identified the +11 rapier of the Valley {drain, Will+
                  | Int+7}
 17395 | D:13     | Noticed Azrael
 17401 | D:13     | Gained Koronagh as an ally
 17406 | D:13     | Killed Azrael
 17406 | D:13     | Noticed Nessos
 17413 | D:13     | Your ally Koronagh died
 17435 | D:13     | Killed Nessos
 17439 | D:13     | Your ally Bladwarg died
 17891 | D:13     | Gained Bogrim as an ally
 18182 | D:13     | Found a glowing golden altar of the Shining One.
 18215 | D:13     | Gained Borgun as an ally
 18398 | D:14     | Found a frozen archway.
 18414 | IceCv    | Entered an ice cave
 18543 | IceCv    | Reached skill level 10 in Shields
 19134 | IceCv    | Slain by a caustic shrike simulacrum

Illustrated notes

Levels and vault maps discovered:
D:1:      wander_arrival_desolate, layout_loops_ring
D:2:      layout_basic, dreamdust_ecumenical_altar_angels_and_demons,
          kennysheep_small_spiral, minmay_3d_cube, uniq_jessica
D:3:      layout_loops_ring, fedhas_ov_isle_minmay, ebering_ghost_gozag,
          minmay_misc_feat_more_columns
D:4:      layout_cave_pools, lightli_temple_of_fire, serial_bayou,
          serial_bayou_lagoon_b, serial_bayou_pond_c, serial_bayou_ford_a,
          serial_bayou_lagoon_a, hangedman_minor_gate_pass, uniq_eustachio
D:5:      layout_basic, hangedman_abyss_or_decor_lesser_grid, kennysheep_boxes
D:6:      layout_rooms, nicolae_hepliaklqana_monster_ancestors,
          mainiacjoe_overflow_catwalk, minmay_temple_entry_glassed_door
D:7:      layout_cave_pools, trog_book
D:8:      layout_layer_cave, general_overflow_altar
D:9:      layout_loops_ring, lemuel_coloured_pillars_altar,
          due_lair_maze_entry_diamond, gammafunk_ghost_grave, serial_shops,
          shop_fountains
D:10:     cheibrodos_barr_body, layout_basic, lightli_elemental_guards
D:11:     layout_cross, serial_park, serial_park_tiny_pond, serial_park_tiny_2,
          serial_park_gazebo [serial_park_minivault_5x5_8], serial_park_tiny_1,
          serial_park_square3 [serial_park_minivault_5x5_7]
D:12:     layout_stronghold, zombieorc1_lemuel, uniq_sonja, uniq_fannar
D:13:     due_megacathedral, layout_layer_cave, erik_vaults_1, uniq_nessos,
          uniq_azrael
D:14:     layout_cave_pools, portal_ice_cave_entry_frozen_things
Orc:1:    layout_caves, uniq_urug
Orc:2:    pubby_orc_utopia, serial_shops
IceCv:    ice_cave_tombish

Skill      XL: |  1  2  3  4  5  6  7  8  9 10 11 12 13 14 |
---------------+-------------------------------------------+-----
Axes           | 3 4 |  4.2
Fighting       | 4 5 7 8 10 | 10.5
Dodging        | 1 2 3 4 |  4.7
Armour         | 4 5 6 8 9 |  9.2
Slings         | 2 4 6 8 10 12 13 14 | 14.8
Shields        | 4 6 7 9 10 | 10.1
Invocations    | 3 7 9 |  9.6
Evocations     | 2 5 6 7 |  7.1
Short Blades   | 2 |  2.9
Long Blades    | |  0.3

Action                   |  1- 3 |  4- 6 |  7- 9 | 10-12 | 13-15 || total
-------------------------+-------+-------+-------+-------+-------++-------
Melee: War axe           |    93 |    16 |     7 |       |       ||   116
       Kick              |     3 |     3 |     1 |       |    70 ||    77
       Hunting sling     |       |       |     1 |       |       ||     1
       Dagger            |       |       |       |       |   145 ||   145
       Scimitar          |       |       |       |       |     3 ||     3
       Rapier            |       |       |       |       |    44 ||    44
 Fire: Hunting sling     |       |    95 |   264 |   792 |   396 ||  1547
Throw: Dart              |       |       |       |       |     1 ||     1
Invok: Convert to Beogh  |       |       |     1 |       |       ||     1
       Recall Orcish Fol |       |       |       |     1 |     3 ||     4
       Give Item to Name |       |       |       |       |     3 ||     3
Evoke: Wand              |       |       |       |     3 |     6 ||     9
  Use: Potion            |     2 |       |       |       |     5 ||     7
       Scroll            |       |       |       |    20 |     6 ||    26
 Stab: Distracted        |       |       |       |       |     2 ||     2
Armor: Scale mail        |    51 |    14 |       |    10 |   103 ||   178
       Skin              |    17 |       |       |       |       ||    17
       Leather armour    |       |       |    18 |    36 |       ||    54
       Acid dragon scale |       |       |       |    27 |       ||    27
Dodge: Dodged            |    58 |    14 |    12 |    71 |   170 ||   325
Block: Buckler           |    18 |     9 |     2 |       |       ||    29
       Kite shield       |       |       |    13 |    30 |       ||    43
       Tower shield      |       |       |       |   154 |   412 ||   566
